 Dungeon Crawl Stone Soup version 0.30-a0-757-ga6a79fd877 (webtiles) character file.

Game seed: 4387714608262959891

84 theblackgale the Firebug (level 4, 0/30 HPs)
             Began as a Demonspawn Fire Elementalist on Feb 9, 2023.
             Slain by a water moccasin (3 damage)
             ... in a sewer.
             The game lasted 00:12:11 (1248 turns).

theblackgale the Firebug (DsFE)                     Turns: 1248, Time: 00:12:12

Health: 0/30       AC:  7    Str: 14    XL:     4   Next: 24%
Magic:  7/7        EV: 12    Int: 19    God:
Gold:   58         SH:  0    Dex: 13    Spells: 7/8 levels left

rFire   . . .      SeeInvis .      - Unarmed
rCold   . . .      Faith    .    (no shield)
rNeg    . . .      Spirit   .    a - +0 robe
rPois   .          Reflect  .    e - +0 helmet
rElec   .          Harm     .    (no cloak)
rCorr   .          Rampage  .    c - +1 pair of gloves
Will    .....                    (no boots)
Stlth   +                        (no amulet)
HPRegen 0.25/turn                d - +6 ring of strength
MPRegen 0.10/turn                (no ring)

@: lethally poisoned (0 -> -4), silenced, very slow
A: hooves 1, yellow scales 1, demonic magic 1
a: no special abilities


You were in a sewer.
You visited 1 branch of the dungeon, and saw 3 of its levels.
You also visited: Sewer.

You collected 58 gold pieces.

Inventory:

Armour
 a - a +0 robe (worn)
 c - a +1 pair of gloves (worn)
 e - a +0 helmet (worn)
Jewellery
 d - a +6 ring of strength (left hand)
Scrolls
 g - a scroll of teleportation (quivered) {unknown}


   Skills:
 + Level 0.3 Fighting
 + Level 2.0 Dodging
 + Level 2.1 Stealth
 + Level 1.1 Unarmed Combat
 + Level 2.5 Spellcasting
 + Level 1.5 Conjurations
 + Level 3.6 Fire Magic


You had 7 spell levels left.
You knew the following spells:

 Your Spells              Type           Power      Damage    Failure   Level
a - Foxfire               Conj/Fire      48%        2x1d6     5%          1

Your spell library contained the following spells:

 Spells                   Type           Power      Damage    Failure   Level
 Scorch                   Fire           32%        2d7       5%          2
 Beastly Appendage        Tmut           4%         N/A       16%         1
 Inner Flame              Hex/Fire       9%         N/A       22%         3
 Wereblood                Tmut           2%         N/A       24%         2
 Kindle Blastsparks       Fire/Tloc/Air  12%        2d11      30%         3
 Spider Form              Tmut/Pois      2%         N/A       43%         3
 Flame Wave               Conj/Fire      12%        2d6       50%         4


Dungeon Overview and Level Annotations

Branches:
Dungeon (3/15)              Sewer (1/1)

Altars:


Innate Abilities, Weirdness & Mutations

You have large cloven feet.
You are partially covered in yellow scales. (AC +2)
Spells you cast may paralyse adjacent enemies.


Message History

You enter the shallow water.
Moving in this stuff is going to be slow.
You enter the shallow water.
Moving in this stuff is going to be slow.
A water moccasin comes into view.
Found 29 gold pieces.
Found 25 gold pieces.
As you read the scroll labelled ZUIMATA LATZ, it crumbles to dust.
You feel aware of your surroundings.
It was a scroll of magic mapping.
As you read the scroll labelled TARIMA QUCE, it crumbles to dust.
A profound silence engulfs you.
It was a scroll of silence.
The water moccasin bites you. The water moccasin barely misses you.
The water moccasin attacks as you move away!
The water moccasin bites you.
You enter the shallow water.
Moving in this stuff is going to be slow.
The water moccasin barely misses you. The water moccasin bites you!
You are poisoned.
The water moccasin poisons you!
The water moccasin attacks as you move away!
The water moccasin closely misses you.
You feel very sick.
The water moccasin bites you but does no damage.
The water moccasin attacks as you move away!
The water moccasin barely misses you.
You feel very sick.
You feel sick. The water moccasin closely misses you.
The water moccasin attacks as you move away!
The water moccasin bites you.
* * * LOW HITPOINT WARNING * * *
x2 You feel sick.
The water moccasin barely misses you.
* * * LOW HITPOINT WARNING * * *
You feel sick.
You enter the shallow water.
Moving in this stuff is going to be slow.
* * * LOW HITPOINT WARNING * * *
You feel sick. The water moccasin bites you.
You die...

#~##...# *######*
#~##...# ***
*##....~.##*
##~#....#
$,*###...~,~~.~.###
#.~.....#
$.##....,***#~~~..###
#.~.....# ##~~~~~***
**#~....###.††....#
...~..##
##~~...~~.~######
*#~.~..###
###.~.~.###.~.....#
$.##.....####~.S@.###
#.~...∩.#
,,*###...~.~.~..###
#.~.#.∩.# ***
###.~..~.###
##~##...# ########
#~###### #~# ###


You could see a water moccasin.

Vanquished Creatures
  Robin (D:2)
  An adder (D:3)
  3 worms
  5 orcs (D:3)
  3 ball pythons
  2 endoplasms (D:2)
  A giant cockroach (D:3)
  7 goblins
  3 hobgoblins
  3 jackals (Sewer)
  5 kobolds
  2 quokkas
  6 bats
  2 frilled lizards (D:1)
  5 rats
49 creatures vanquished.

Vanquished Creatures (others)
  112 foxfires
  2 plants (D:1)
114 creatures vanquished.

Grand Total: 163 creatures vanquished

Notes
Turn   | Place    | Note
-------+----------+-------------------------------------------
     0 | D:1      | theblackgale the Demonspawn Fire Elementalist began the
                  | quest for the Orb.
     0 | D:1      | Reached XP level 1. HP: 13/13 MP: 3/3
   169 | D:1      | Reached skill level 3 in Fire Magic
   174 | D:1      | Gained mutation: You are partially covered in yellow
                  | scales. (AC +2) [demonic ancestry]
   174 | D:1      | Reached XP level 2. HP: 19/19 MP: 0/5
   601 | D:2      | Noticed Robin
   621 | D:2      | Killed Robin
   622 | D:2      | Gained mutation: Spells you cast may paralyse adjacent
                  | enemies. [demonic ancestry]
   622 | D:2      | Reached XP level 3. HP: 14/24 MP: 0/6
  1034 | D:3      | Gained mutation: You have large cloven feet. [demonic
                  | ancestry]
  1034 | D:3      | Reached XP level 4. HP: 22/30 MP: 7/7
  1110 | D:3      | Found a glowing drain.
  1124 | Sewer    | Entered a sewer
  1135 | Sewer    | Reached skill level 1 in Unarmed Combat
  1231 | Sewer    | Noticed a water moccasin
  1248 | Sewer    | Slain by a water moccasin

Illustrated notes

Levels and vault maps discovered:
D:1:      heliophobic_arrival_ceremonial_halls, layout_basic, serial_shops,
          nicolae_shop_statue_plus, chequers_arboretum, serial_bayou_pond_c
D:2:      layout_basic, minivault_27, uniq_robin
D:3:      mumra_celtic_spiral_tile, layout_basic, cheibrodos_sewer_entry_drain,
          serial_glass, glass_columns_c, glass_columns_a, minmay_cupped,
          uniq_crazy_yiuf_cottage
Sewer:    sewer_the_moccasin

Skill      XL: |  1  2  3  4 |
---------------+-------------+-----
Stealth        | 2 |  2.1
Fire Magic     | 3 |  3.6
Dodging        | 2 |  2.0
Unarmed Combat | 1 |  1.1
Fighting       | |  0.3
Spellcasting   | |  2.5
Conjurations   | |  1.5

Action                     |  1- 3 |  4- 6 || total
---------------------------+-------+-------++-------
  Melee: Unarmed           |    76 |     3 ||    79
         Punch             |     3 |       ||     3
   Cast: Foxfire           |    53 |    13 ||    66
    Use: Scroll            |     2 |     2 ||     4
         Potion            |     6 |     1 ||     7
 Armour: Robe              |    14 |     6 ||    20
  Dodge: Dodged            |    46 |    16 ||    62

Table legend: (Time is in decaauts)
 A = Elapsed time spent in this place.
 B = Non-inter-level travel time spent in this place.
 C = Inter-level travel time spent in this place.
 D = Time resting spent in this place.
 E = Time spent auto-exploring this place.
 F = Levels seen in this place.
 G = Mean time per level.
                   A        B        C        D        E       F      G
               +--------+--------+--------+--------+--------+-----+--------+
         Total |   1228 |    506 |    722 |    109 |      0 |   4 |  307.0 |
       Dungeon |   1097 |    375 |    722 |     55 |      0 |   3 |  365.7 |
         Sewer |    130 |    130 |      0 |     54 |      0 |   1 |  130.0 |
               +--------+--------+--------+--------+--------+-----+--------+

Top non-repeatable levels by time:
     D:1: 589 daAuts
     D:3: 328 daAuts
     D:2: 179 daAuts
   Sewer: 130 daAuts
